 Dungeon Crawl Stone Soup version 0.30-b1-2-g02819fbbbe (webtiles) character file.

Game seed: 15341976840245144960

44 MajorAdolf the Sneak (level 3, -6/28 HPs)
             Began as a Naga Wanderer on June 29, 2023.
             Mangled by a gnoll
             ... wielding a +0 club
              (8 damage)
             ... on level 2 of the Dungeon.
             The game lasted 00:02:03 (1123 turns).

MajorAdolf the Sneak (Naga Wanderer)                Turns: 1123, Time: 00:02:04

Health: -6/28      AC:  3    Str: 15    XL:     3   Next: 60%
Magic:  4/4        EV:  8    Int: 12    God:
Gold:   49         SH:  0    Dex: 11    Spells: 4/4 levels left

rFire   . . .        g - +0 dagger
rCold   . . .        (no shield)
rNeg    . . .        c - +0 leather armour
rPois   +            (no helmet)
rElec   .            (no cloak)
rCorr   .            d - +0 pair of gloves
SInv    +            (no barding)
Will    .....        (no amulet)
Stlth   +++          (no ring)
HPRegen 0.24/turn    (no ring)
MPRegen 0.09/turn

%: no passive effects
@: mighty, short of breath, very slow
A: AC +1, large, see invisible, deformed body, poison resistance, slowness 2,
spit poison 1, naga tail 1
a: Spit Poison


You were on level 2 of the Dungeon.
You visited 1 branch of the dungeon, and saw 2 of its levels.

You collected 49 gold pieces.

Inventory:

Hand Weapons
 a - a +0 club
 f - a +0 short sword
 g - a +0 dagger (weapon)
Armour
 c - a +0 leather armour (worn)
 d - a +0 pair of gloves (worn)
Jewellery
 i - an amulet of faith
Scrolls
 b - 3 scrolls of teleportation
 e - 3 scrolls of identify {unknown}
 h - a scroll of poison {unknown}
 j - a scroll of fear {unknown}
Potions
 k - a potion of might


   Skills:
 + Level 5.4 Stealth
 - Level 1.0 Spellcasting
 - Level 1.0 Summonings
 - Level 4.0 Ice Magic
 - Level 2.0 Invocations
 - Level 1.0 Evocations


You had 4 spell levels left.
You didn't know any spells.
Your spell library contained the following spells:

 Spells                   Type           Power      Damage    Failure   Level
 Freeze                   Ice            40%        1d6       7%          1
 Frozen Ramparts          Ice            20%        1d4       22%         3
 Summon Small Mammal      Summ           12%        N/A       24%         1
 Ensorcelled Hibernation  Hex/Ice        10%        N/A       24%         2
 Beastly Appendage        Tmut           0%         N/A       36%         1
 Necrotise                Necr           0%         1d4       36%         1
 Wereblood                Tmut           0%         N/A       50%         2
 Call Canine Familiar     Summ           3%         N/A       58%         3
 Spider Form              Tmut/Pois      0%         N/A       73%         3
 Vampiric Draining        Necr           0%         2d6       73%         3
 Agony                    Necr           0%         N/A       100%        5


Dungeon Overview and Level Annotations

Branches:
Dungeon (2/15)

Altars:


Innate Abilities, Weirdness & Mutations

Your serpentine skin is tough. (AC +1)
You have supernaturally acute eyesight. (SInv)
Armour fits poorly on your strangely shaped body.
Your system is resistant to poisons. (rPois)
You cover ground very slowly.
You can spit poison.
You have a snake-like lower body.


Message History

The gnoll attacks as you move away! The gnoll hits you with a +0 club.
You have got your breath back.
The gnoll hits you with a +0 club.
Aiming: Spit Poison (2% risk of failure)
Press: ? - help, Shift-Dir - straight line, f - gnoll
Aim: a gnoll, wielding a +0 club (65% to hit)
The splash of poison hits the gnoll.
The gnoll is poisoned.
The gnoll is moderately wounded.
The gnoll hits you with a +0 club.
Unknown command.
The gnoll completely misses you.
The gnoll shouts!
The gnoll throws a throwing net.
The throwing net hits you.
You become entangled in the net!
You see here a throwing net.
You struggle against the net.
You have got your breath back.
You struggle against the net.
The gnoll barely misses you.
You struggle against the net.
The gnoll barely misses you.
You rip the net and break free!
The gnoll looks more healthy.
The gnoll throws a throwing net.
The throwing net closely misses you. The gnoll hits you with a +0 club.
The gnoll attacks as you move away! The gnoll hits you with a +0 club!
* * * LOW HITPOINT WARNING * * *
The gnoll misses you.
It was a potion of might.
You feel very mighty all of a sudden. The gnoll barely misses you.
You hit the gnoll.
You kill the gnoll!
The gnoll hits you with a +0 club.
* * * LOW HITPOINT WARNING * * *
Unknown command.
Aiming: Spit Poison (2% risk of failure)
Press: ? - help, Shift-Dir - straight line, f - gnoll
Aim: a gnoll, wielding a +0 club (65% to hit)
The splash of poison hits the gnoll!
The gnoll is poisoned.
The gnoll is severely wounded.
The gnoll hits you with a +0 club!
You die...

#.........########
#.........#
#.........#
.#.........#
...........#
#...>.....#
#.........#####
#.........g...#
...........)@..#
###............#
##......(....#
####........#
##.....).#
#...†...#
#...†..<#
#########


You could see a gnoll (poisoned).

Vanquished Creatures
  2 gnolls (D:2)
  3 dart slugs (D:1)
  2 ball pythons (D:1)
  A bat (D:1)
  An endoplasm (D:2)
  A giant cockroach (D:1)
  A goblin (D:1)
  2 hobgoblins (D:1)
  A quokka (D:2)
  2 kobolds
  A rat (D:2)
17 creatures vanquished.

Notes
Turn   | Place    | Note
-------+----------+-------------------------------------------
     0 | D:1      | MajorAdolf the Naga Wanderer began the quest for the Orb.
     0 | D:1      | MajorAdolf set off with the following items: a +0 club, a
                  | scroll of teleportation, a +0 leather armour, a +0 pair of
                  | gloves; and the following spells available to memorise:
                  | Freeze, Summon Small Mammal, Ensorcelled Hibernation,
                  | Frozen Ramparts, Call Canine Familiar.
     0 | D:1      | Reached XP level 1. HP: 15/15 MP: 2/2
    89 | D:1      | Reached skill level 2 in Stealth
   270 | D:1      | Reached skill level 3 in Stealth
   326 | D:1      | Reached XP level 2. HP: 7/22 MP: 3/3
   625 | D:1      | Found a faded altar of an unknown god.
   672 | D:1      | Reached skill level 4 in Stealth
  1041 | D:2      | Reached XP level 3. HP: 20/28 MP: 4/4
  1106 | D:2      | Reached skill level 5 in Stealth
  1123 | D:2      | Mangled by a gnoll

Illustrated notes

Levels and vault maps discovered:
D:1:      dpeg_arrival_tiny_b, layout_loops_ring,
          ebering_ecumenical_altar_sacrificial
D:2:      layout_rooms

Skill      XL: |  1  2  3 |
---------------+----------+-----
Stealth        | 3 4 5 |  5.4
Spellcasting   | |  1.0
Summonings     | |  1.0
Ice Magic      | |  4.0
Invocations    | |  2.0
Evocations     | |  1.0

Action                     || total
---------------------------++-------
  Melee: Short sword       ||     5
         Dagger            ||    36
Ability: Spit Poison       ||    23
    Use: Potion            ||     1
   Stab: Sleeping          ||     1
 Armour: Leather armour    ||    25
  Dodge: Dodged            ||    32
